 Dungeon Crawl Stone Soup version 0.31-a0-426-g3a05650e59 (webtiles) character file.

Game seed: 18291193706037893782

35664 Flugkiller the Mimic (level 13, -2/108 HPs)
             Began as a Vine Stalker Shapeshifter on July 30, 2023.
             Was a High Priest of Wu Jian.
             Slain by a skyshark (6 damage)
             ... on level 4 of the Lair of Beasts.
             The game lasted 00:21:54 (12551 turns).

Flugkiller the Mimic (Vine Stalker Shapeshifter)   Turns: 12551, Time: 00:21:54

Health: -2/108     AC: 26    Str: 21    XL:     13   Next: 85%
Magic:  0/24       EV:  2    Int:  8    God:    Wu Jian [*****.]
Gold:   1014       SH:  0    Dex: 17    Spells: 14/14 levels left

rFire   . .          .
                       - Unarmed
rCold   . . .        (no shield)
rNeg    + . .        o - melded +4 scale mail {rPois}
rPois   +            (helmet currently unavailable)
rElec   .            H - melded +1 cloak {Stlth+}
rCorr   .            (gloves currently unavailable)
SInv    .            D - melded +1 pair of boots
Will    +....        (no amulet)
Stlth   ++           i - ring of magical power
HPRegen 1.18/turn    f - ring of positive energy
MPRegen 0.19/turn

%: guardian spirit
@: exhausted, tree-form
A: stationary, stasis, torment immunity, boosted hp, (fangs 3), regeneration 1,
magic shield, (antimagic bite), no potion heal 2
a: Renounce Religion, Wall Jump, Serpent's Lash, Heavenly Storm


You were on level 4 of the Lair of Beasts.
You worshipped Wu Jian.
Wu Jian was extremely pleased with you.
You were a tree.
You visited 2 branches of the dungeon, and saw 16 of its levels.

You collected 1014 gold pieces.

Inventory:

Missiles
 p - 6 curare-tipped darts
 C - a throwing net
Armour
 o - a +4 scale mail of poison resistance (melded)
   (You took it off Ijyb on level 4 of the Dungeon)
 w - a +0 troll leather armour
   (You found it on level 8 of the Dungeon)
 D - a +1 pair of boots (melded)
   (You found it on level 8 of the Dungeon)
 H - a +1 cloak of stealth (melded)
   (You took it off Maurice on level 8 of the Dungeon)
 I - a +0 kite shield
   (You took it off a gnoll sergeant on level 9 of the Dungeon)
Jewellery
 f - a ring of positive energy (right branch)
   (You found it on level 3 of the Lair of Beasts)
 i - a ring of magical power (left branch)
   (You found it on level 1 of the Dungeon)
 J - a ring of ice
   (You found it on level 10 of the Dungeon)
Talismans
 c - a beast talisman
 B - a maw talisman
   (You found it on level 1 of the Dungeon)
 E - a blade talisman
   (You found it on level 11 of the Dungeon)
 F - a storm talisman
   (You found it on level 11 of the Dungeon)
Wands
 a - a wand of roots (12)
   (You found it on level 4 of the Dungeon)
 n - a wand of flame (70)
   (You took it off Ijyb on level 4 of the Dungeon)
 x - a wand of mindburst (5)
   (You found it on level 4 of the Dungeon)
 y - a wand of polymorph (8)
   (You found it on level 4 of the Dungeon)
 G - a wand of paralysis (4)
   (You found it on level 11 of the Dungeon)
Scrolls
 e - a scroll of torment
 j - 2 scrolls of revelation
 l - 2 scrolls of fog
 m - 2 scrolls of immolation
 r - 2 scrolls of identify
 s - 2 scrolls of fear
 t - 6 scrolls of teleportation
 u - 2 scrolls of poison
 K - a scroll of acquirement
Potions
 d - 4 potions of might
 g - 2 potions of mutation
 h - a potion of haste
 k - a potion of magic
 q - 5 potions of curing
 v - 2 potions of enlightenment
 A - a potion of ambrosia


   Skills:
 - Level 10.0 Fighting
 - Level 4.0 Armour
 - Level 8.0 Dodging
 - Level 10.0 Unarmed Combat
 - Level 1.0 Spellcasting
 - Level 5.0 Evocations
 + Level 12.7 Shapeshifting


You had 14 spell levels left.
You didn't know any spells.
Your spell library contained the following spells:

 Spells                   Type           Power      Damage    Failure   Level
 Apportation              Tloc           0%         N/A       36%         1
 Foxfire                  Conj/Fire      0%         2x1d4     36%         1
 Necrotise                Necr           0%         1d4       36%         1
 Summon Small Mammal      Summ           0%         N/A       36%         1
 Cigotuvi's Dreadful Rot  Necr/Pois/Air  0%         N/A       52%         2
 Ensorcelled Hibernation  Hex/Ice        0%         N/A       52%         2
 Passwall                 Tmut/Erth      0%         N/A       52%         2
 Frozen Ramparts          Ice            0%         1d1       75%         3
 Ignite Poison            Fire/Tmut/Pois 0%         N/A       75%         3
 Inner Flame              Hex/Fire       0%         N/A       75%         3
 Portal Projectile        Hex/Tloc       0%         N/A       75%         3
 Swiftness                Air            0%         N/A       75%         3
 Tukima's Dance           Hex            0%         N/A       75%         3
 Vhi's Electric Charge    Tloc/Air       0%         N/A       75%         3
 Volatile Blastmotes      Fire/Tloc      0%         2d10      75%         3
 Flame Wave               Conj/Fire      0%         2d4       98%         4
 Fulminant Prism          Conj/Hex       0%         3d5       98%         4
 Iskenderun's Mystic Bla  Conj/Tloc      0%         2d3       98%         4
 Leda's Liquefaction      Hex/Erth       0%         N/A       98%         4
 Petrify                  Tmut/Erth      0%         N/A       98%         4
 Sticky Flame             Conj/Fire      0%         2d3       98%         4
 Arcjolt                  Conj/Air       0%         1d10      100%        5
 Freezing Cloud           Conj/Ice/Air   0%         6-21      100%        5
 Lee's Rapid Deconstruct  Erth           0%         3d4*      100%        5
 Metabolic Englaciation   Hex/Ice        0%         N/A       100%        5
 Leda's Unmaking          Conj/Erth      0%         9d1       100%        6
 Plasma Beam              Fire/Air       0%         2x1d10    100%        6
 Starburst                Conj/Fire      0%         6d3       100%        6
 Maxwell's Capacitive Co  Air            0%         ∞         100%        8


Dungeon Overview and Level Annotations

Branches:
Dungeon (11/15) Zot: 26415  Temple (0/1) D:4            Lair (5/5) D:8 Zot: 25617
 Shoals (0/4) Lair:2        Snake (0/4) Lair:3        Slime (0/5) Lair:4
    Orc (0/2) D:11

Altars:
Cheibriados
Dithmenos
Fedhas
Qazlal
Sif Muna
Trog
Vehumet
Wu Jian
The Shining One
Jiyva

Shops:
D:1 (   D:8 !   D:9 :   D:10 =

Annotations:
D:10 2 transporters
Lair:2 1 runed translucent door, Glaciallarry's ghost, journeyman DrSh
Lair:4 exclusion: oklob plant


Innate Abilities, Weirdness & Mutations

You are a tree.
Your roots penetrate the ground, keeping you stationary.
You cannot be teleported.
You are immune to unholy pain and torment.
Your maximum health is greatly increased.
Your equipment is partially melded.
((You have razor-sharp teeth.))
Your natural rate of healing is unusually fast.
When hurt, damage is shared between your health and your magic reserves.
((Your bite disrupts and absorbs the magic of your enemies.))
Potions cannot restore your health.


Message History

The skyshark attacks as you move away! The skyshark bites you!!
The skyshark tail-slaps you.
* * * LOW HITPOINT WARNING * * *
The skyshark tail-slaps you but does no damage.
The skyshark bites you.
* * * LOW HITPOINT WARNING * * *
The skyshark closely misses you. The skyshark barely misses you.
Your muscles tense, ready for explosive movement...
You spin and attack the skyshark, with incredible momentum.
You slash the skyshark! You bite the skyshark. You drain its power.
You feel invigorated.
The skyshark is lightly wounded.
You spin and attack the skyshark repeatedly, with incredible momentum.
You hit the skyshark.
You bite the skyshark, but do no damage.
The skyshark is lightly wounded.
You slice the skyshark!!
You bite the skyshark, but do no damage.
The skyshark is moderately wounded.
Your supernatural speed expires.
Blink to where?
Press: ? - help, Dir - move target
As you read the scroll of blinking, it crumbles to dust.
Okay, then.
As you read the scroll of teleportation, it crumbles to dust.
You feel strangely unstable.
Okay, then.
Really quaff the potion of lignification?
Your hands revert to their normal proportions.
You turn into a tree.
Your +1 cloak of stealth melds into your body.
Your +1 pair of boots melds into your body.
Your +4 scale mail of poison resistance melds into your body.
You feel less stealthy.
You no longer feel resistant to poison.
Your roots penetrate the ground.
You feel strangely stable. The skyshark barely misses you.
The skyshark tail-slaps you but does no damage.
The skyshark barely misses you. The skyshark bites you!
* * * LOW HITPOINT WARNING * * *
The skyshark barely misses you. The skyshark tail-slaps you.
* * * LOW HITPOINT WARNING * * *
Unknown command.
You pummel the skyshark!!
The skyshark is heavily wounded.
The skyshark bites you but does no damage.
The skyshark tail-slaps you but does no damage. x2
You smack the skyshark!
The skyshark is severely wounded.
The skyshark bites you but does no damage.
The skyshark tail-slaps you!
* * * LOW HITPOINT WARNING * * *
The skyshark tail-slaps you but does no damage.
You barely miss the skyshark.
The skyshark is severely wounded.
The skyshark bites you but does no damage.
The skyshark tail-slaps you but does no damage.
The skyshark tail-slaps you.
* * * LOW HITPOINT WARNING * * *
You barely miss the skyshark.
The skyshark is severely wounded.
The skyshark bites you.
* * * LOW HITPOINT WARNING * * *
The skyshark tail-slaps you but does no damage.
The skyshark tail-slaps you!
* * * LOW HITPOINT WARNING * * *
The skyshark bites you.
* * * LOW HITPOINT WARNING * * *
The skyshark tail-slaps you but does no damage.
The skyshark tail-slaps you.
* * * LOW HITPOINT WARNING * * *
You hit the skyshark.
The skyshark is severely wounded.
The skyshark completely misses you.
The skyshark tail-slaps you but does no damage. x2
Okay, then.
Aiming: Fastroot
Press: ? - help, Shift-Dir - straight line The roots erupt in riotous growth!
Roots grab the skyshark.
The grasping roots constrict the skyshark.
The skyshark bites you but does no damage.
The skyshark tail-slaps you but does no damage. x2
You pummel the skyshark!!
The skyshark is almost dead.
The grasping roots constrict the skyshark.
The roots release their grip on the skyshark.
The skyshark bites you but does no damage.
The skyshark tail-slaps you but does no damage.
The skyshark tail-slaps you.
* * * LOW HITPOINT WARNING * * *
Aiming: Fastroot
Press: ? - help, Shift-Dir - straight line The roots erupt in riotous growth!
Roots grab the skyshark.
The grasping roots constrict the skyshark.
The skyshark bites you.
* * * LOW HITPOINT WARNING * * *
The skyshark tail-slaps you but does no damage.
The skyshark tail-slaps you!
You die...

### #.###
....########## #######
.....P.#.#.#.###.#.#.#
.♣.~~...........♣....#
~~.~~~...........l...#
P~.~~~♣.##.##.#.##...#
P~.~PP♣.##...##..#...#
~~.~~~~..#........#..#
P~.~~~~..#.......##.##
P~.~~~♣>.#.......##†#
~~.~♣♣..##..#######>#
~†.~♣~...##.####.#..#


You could see a skyshark (berserk, rooted).

Vanquished Creatures
  Nessos (Lair:3)
  A hydra (Lair:3)
  A catoblepas (Lair:3)
  Nergalle (Lair:3)
  Pikel (D:8)
  Maurice (D:8)
  A cyclops (D:11)
  10 elephants
  A gargoyle (D:11)
  10 black mambas
  8 cane toads
  5 rime drakes (Lair:3)
  11 komodo dragons
  A kobold demonologist (D:9)
  A polar bear (Lair:2)
  4 trolls
  2 hornets
  Prince Ribbit (D:8)
  17 blink frogs
  Sigmund (D:3)
  A spriggan (Lair:2)
  A slime creature (Lair:4)
  A vampire (D:10)
  9 wyverns
  22 yaks
  4 wraiths
  6 basilisks (Lair:3)
  A steam dragon (D:7)
  3 vampire mosquitoes (D:10)
  An acid dragon (D:10)
  14 water moccasins
  5 orc warriors
  A black bear (D:7)
  16 wolves
  An ogre (D:4)
  4 centaurs
  4 lemures (D:8)
  A gnoll sergeant (D:9)
  2 kobold brigands (D:7)
  9 bullfrogs
  2 scorpions
  5 wights
  6 killer bees
  5 howler monkeys
  4 electric eels (Lair:4)
  3 hounds
  3 jellies (Lair:4)
  6 orc priests
  Jessica (D:2)
  13 orc wizards
  2 sleepcaps (D:6)
  Ijyb (D:4)
  11 hell rats
  5 gnolls (D:9)
  7 adders
  2 shadow imps
  A worm (D:2)
  2 dart slugs
  26 orcs
  7 ball pythons
  8 bats
  8 endoplasms
  2 giant cockroaches
  9 goblins
  6 hobgoblins
  2 quokkas
  3 frilled lizards
  10 kobolds
  5 rats
350 creatures vanquished.

Notes
Turn   | Place    | Note
-------+----------+-------------------------------------------
     0 | D:1      | Flugkiller the Vine Stalker Shapeshifter began the quest
                  | for the Orb.
     0 | D:1      | Reached XP level 1. HP: 9/9 MP: 2/2
    39 | D:1      | Reached skill level 1 in Fighting
    76 | D:1      | Reached skill level 1 in Spellcasting
    76 | D:1      | Reached XP level 2. HP: 12/14 MP: 1/4
   393 | D:1      | Found a faded altar of an unknown god.
   521 | D:1      | Found Iloem's Antique Weapon Shoppe.
   549 | D:1      | Reached XP level 3. HP: 18/18 MP: 5/5
   958 | D:2      | Gained mutation: Your natural rate of healing is unusually
                  | fast. [Vine Stalker growth]
   958 | D:2      | Reached XP level 4. HP: 19/23 MP: 6/6
   981 | D:2      | Noticed Jessica
   985 | D:2      | Killed Jessica
  1495 | D:3      | Reached XP level 5. HP: 28/28 MP: 7/7
  1575 | D:3      | Noticed Sigmund
  1590 | D:3      | Killed Sigmund
  1591 | D:3      | Reached skill level 5 in Unarmed Combat
  1591 | D:3      | Reached XP level 6. HP: 32/33 MP: 8/8
  2047 | D:3      | Found an ornate altar of the Wu Jian Council.
  2184 | D:3      | Became a worshipper of the Wu Jian Council
  2332 | D:4      | You fall into a shaft and drop 3 floors!
  2342 | D:7      | Noticed a steam dragon
  2514 | D:5      | Entered Level 5 of the Dungeon
  2699 | D:5      | Reached XP level 7. HP: 34/37 MP: 9/9
  2945 | D:5      | Found a stormy altar of Qazlal.
  2981 | D:5      | Found a bloodstained altar of Trog.
  3237 | D:4      | Found a radiant altar of Vehumet.
  3249 | D:4      | Found a blossoming altar of Fedhas.
  3301 | D:4      | Noticed Ijyb
  3321 | D:4      | Killed Ijyb
  3377 | D:4      | Reached skill level 4 in Shapeshifting
  3454 | D:4      | Found a staircase to the Ecumenical Temple.
  3679 | D:6      | Reached skill level 1 in Evocations
  3720 | D:6      | Gained mutation: You have razor-sharp teeth. [Vine Stalker
                  | growth]
  3720 | D:6      | Reached XP level 8. HP: 39/42 MP: 10/10
  3815 | D:6      | Reached skill level 5 in Shapeshifting
  4138 | D:6      | Found a glowing golden altar of the Shining One.
  4682 | D:7      | Reached * piety under Wu Jian
  4683 | D:7      | Reached skill level 1 in Armour
  4775 | D:7      | Reached XP level 9. HP: 19/46 MP: 11/11
  5200 | D:8      | Found a shadowy altar of Dithmenos.
  5218 | D:8      | Noticed Prince Ribbit
  5240 | D:8      | Killed Prince Ribbit
  5268 | D:8      | Reached skill level 5 in Fighting
  5419 | D:8      | Found a staircase to the Lair.
  5502 | D:8      | Found Teim's Distillery.
  5503 | D:8      | Noticed Pikel
  5514 | D:8      | Killed Pikel
  5602 | D:8      | Reached skill level 6 in Shapeshifting
  5685 | D:9      | Noticed Maurice
  5685 | D:9      | Noticed a kobold demonologist
  5707 | D:9      | HP: 2/47 [centaur/arrow (2)]
  5815 | D:9      | Noticed a troll
  5905 | D:8      | Killed Maurice
  5906 | D:8      | Reached XP level 10. HP: 32/53 MP: 12/12
  5937 | D:9      | Noticed a smoke demon
  5943 | D:9      | Killed a kobold demonologist
  6039 | D:8      | Reached skill level 5 in Evocations
  6133 | D:9      | Reached skill level 5 in Dodging
  6218 | D:9      | Identified the +2 flail of Letiar {chaos, rF+ Str+4 Int+3}
  6245 | D:9      | Found Vuem's Tremendous Tomes.
  6284 | D:9      | Reached ** piety under Wu Jian
  6643 | D:10     | Entered Level 10 of the Dungeon
  6683 | D:10     | Found Gompor's Jewellery Emporium.
  6830 | D:10     | Found a snail-covered altar of Cheibriados.
  6902 | D:10     | Reached skill level 7 in Shapeshifting
  6911 | D:10     | Noticed a stone giant
  6973 | D:10     | Found a transporter.
  6989 | D:10     | Found a transporter.
  7156 | D:10     | Found a shimmering blue altar of Sif Muna.
  7323 | D:10     | Reached XP level 11. HP: 58/58 MP: 13/13
  7333 | D:10     | Identified the +6 mace "Fuph" {flame, rF+++}
  7408 | D:10     | Reached skill level 8 in Shapeshifting
  7722 | D:11     | Found a staircase to the Orcish Mines.
  7920 | D:11     | Noticed a cyclops
  7927 | D:11     | Killed a cyclops
  7928 | D:11     | Reached skill level 9 in Shapeshifting
  7954 | D:11     | Reached *** piety under Wu Jian
  8116 | Lair:1   | Entered Level 1 of the Lair of Beasts
  8469 | Lair:1   | Reached skill level 10 in Shapeshifting
  9264 | Lair:2   | Found a staircase to the Shoals.
  9315 | Lair:2   | Reached XP level 12. HP: 47/64 MP: 14/14
  9368 | Lair:2   | Identified the +0 plate armour "Jongik" {rC+ Str+3}
  9678 | Lair:2   | Noticed Glaciallarry's ghost (journeyman DrSh)
  9681 | Lair:2   | Found a runed translucent door.
  9760 | Lair:2   | Identified the +0 robe of Cowardice {Int+3}
 10067 | Lair:3   | Reached **** piety under Wu Jian
 10168 | Lair:3   | Found a staircase to the Snake Pit.
 10364 | Lair:3   | Reached skill level 10 in Unarmed Combat
 10374 | Lair:3   | Reached XP level 13. HP: 33/71 MP: 13/15
 10493 | Lair:3   | Reached skill level 10 in Fighting
 10623 | Lair:3   | Reached ***** piety under Wu Jian
 10665 | Lair:3   | Reached skill level 11 in Shapeshifting
 10962 | Lair:3   | Noticed Nergalle
 10976 | Lair:3   | Killed Nergalle
 11005 | Lair:3   | Noticed Nessos
 11009 | Lair:3   | Killed Nessos
 11378 | Lair:4   | Reached skill level 12 in Shapeshifting
 11591 | Lair:4   | Found a staircase to the Slime Pits.
 11594 | Lair:4   | Found a viscous altar of Jiyva.
 11657 | Lair:4   | You fall into a shaft and drop 1 floor!
 11657 | Lair:5   | Entered Level 5 of the Lair of Beasts
 12384 | Lair:4   | Identified a scroll of acquirement
 12547 | Lair:4   | HP: 4/108 [skyshark (2)]
 12551 | Lair:4   | Slain by a skyshark

Illustrated notes

Levels and vault maps discovered:
D:1:      zaba_arrival_water, layout_basic, serial_shops,
          nicolae_shop_tiny_glass, dreamdust_ecumenical_altar_hidden_monk_grotto
D:2:      layout_loops_ring, item_on_display_a, uniq_jessica
D:3:      layout_basic, nicolae_wu_jian_immortal_techniques, minmay_vboxes,
          uniq_sigmund
D:4:      layout_cave_pools, amethyst_overflow_temple_binary,
          minmay_temple_entry_grid, serial_bayou_pond_b, uniq_ijyb
D:5:      layout_basic, mainiacjoe_overflow_catch_the_wave
D:6:      layout_basic, lemuel_round_altar
D:7:      layout_cave_pods, kennysheep_small_circle
D:8:      layout_rooms, nicolae_dithmenos_shadow_blocks, serial_shops,
          kennysheep_little_box, grunt_ministairs_11, uniq_prince_ribbit1,
          uniq_pikel
D:9:      layout_cross, nicolae_shop_i_like_big_books, uniq_maurice
D:10:     minmay_octagon_keep, layout_irregular_city,
          gammafunk_temple_overflow_arena, old_standard_altar, serial_shops,
          nicolae_shop_trees, lemuel_flamethrower_1
D:11:     layout_basic, orc_0_dummy, serial_glass, glass_columns_b,
          glass_columns_c, glass_columns_b, glass_columns_a
Lair:1:   layout_regular_city, lemuel_fruit_tree
Lair:2:   layout_chaotic_city, elwin_shoals_entry_rocks,
          hellmonk_ghost_happy_afterlife, grunt_forest_large_clearings
Lair:3:   layout_roguey [special_room_mythical_zoo],
          minmay_snake_entry_six_corridors, beast_lair_carwin_9,
          infiniplex_staircase_pool, uniq_nergalle, uniq_nessos
Lair:4:   layout_regular_city, minmay_slime_entry_pillars, serial_bayou,
          serial_bayou_pond_c, serial_bayou_crossing, serial_bayou_lagoon_a,
          serial_bayou_shore_b, serial_bayou_lagoon_b, serial_bayou_pond_a,
          minmay_lair_oklob_bushes
Lair:5:   evilmike_catoblepas_cave, layout_small_grid, grunt_megastairs_1

Skill      XL: |  1  2  3  4  5  6  7  8  9 10 11 12 13 |
---------------+----------------------------------------+-----
Fighting       | 1 2 3 4 5 7 9 10 | 10.0
Spellcasting   | 1 |  1.0
Unarmed Combat | 4 5 6 7 10 | 10.0
Dodging        | 3 4 6 7 8 |  8.0
Shapeshifting  | 4 5 6 7 10 12 | 12.7
Evocations     | 2 3 4 5 |  5.0
Armour         | 1 3 4 |  4.0

Action                     |  1- 3 |  4- 6 |  7- 9 | 10-12 | 13-15 || total
---------------------------+-------+-------+-------+-------+-------++-------
  Melee: Unarmed           |    67 |    89 |   226 |   486 |   209 ||  1077
         Bite              |    15 |    28 |    82 |   173 |    72 ||   370
         Punch             |     1 |     2 |     5 |    24 |    14 ||    46
 Invoke: Serpent's Lash    |       |       |       |       |     2 ||     2
Ability: Lunge             |       |     2 |    15 |    35 |    14 ||    66
         Whirlwind         |       |       |     3 |    10 |     5 ||    18
  Evoke: Wand              |       |       |     4 |    11 |    11 ||    26
    Use: Potion            |       |     4 |     3 |     1 |     1 ||     9
         Scroll            |       |    10 |     5 |     5 |     4 ||    24
   Stab: Sleeping          |     2 |     2 |       |       |     1 ||     5
 Armour: Animal skin       |    10 |     5 |       |       |       ||    15
         Leather armour    |       |     8 |     2 |       |       ||    10
         Scale mail        |       |       |    67 |   169 |    32 ||   268
         Troll leather arm |       |       |       |     3 |       ||     3
         Skin              |       |       |       |       |    18 ||    18
  Dodge: Dodged            |    43 |    56 |    96 |   322 |   102 ||   619
   Form: Blade             |       |       |       |     2 |       ||     2
         Beast             |       |       |       |     1 |       ||     1

Table legend: (Time is in decaauts)
 A = Elapsed time spent in this place.
 B = Non-inter-level travel time spent in this place.
 C = Inter-level travel time spent in this place.
 D = Time resting spent in this place.
 E = Time spent auto-exploring this place.
 F = Levels seen in this place.
 G = Mean time per level.
                   A        B        C        D        E       F      G
               +--------+--------+--------+--------+--------+-----+--------+
         Total |  12455 |  11745 |    710 |   1378 |   7482 |  16 |  778.4 |
       Dungeon |   8073 |   7502 |    571 |    744 |   5003 |  11 |  733.9 |
          Lair |   4381 |   4243 |    138 |    634 |   2479 |   5 |  876.2 |
               +--------+--------+--------+--------+--------+-----+--------+

Top non-repeatable levels by time:
  Lair:3: 1314 daAuts
  Lair:4: 1090 daAuts
  Lair:1: 1067 daAuts
     D:7: 1000 daAuts
    D:10: 971 daAuts
     D:8: 942 daAuts
     D:3: 847 daAuts
  Lair:2: 816 daAuts
     D:5: 723 daAuts
     D:6: 706 daAuts
     D:1: 676 daAuts
     D:2: 666 daAuts
     D:9: 582 daAuts
     D:4: 499 daAuts
    D:11: 457 daAuts
